Unix NetHack Version 5.0.0-0 post-release - last build May 10 2026 23:12:36 (d1fa5d53e341ca933230fdaa984d921c805b60aa,branch:main).

Game began 2026-05-16 23:52:31, ended 2026-05-17 00:04:41.

Brudee, chaotic female human Monk

        -----                        ------
        |.{.|                       #.....|                       -----------
        |...|                       #|.>...#                      |.[[[[[[[[|
        |...|       ----- -----    ##|....|#                     #-.[[[[[[.[|
        |...-#####  |.........|##### ------#                     #-----------
        |...|    #  -.........|#           #                     ##
        -.---    # #|.........|#           #                      #
        ##       ###|.........-#           #                      #
        r         ##..........|            #                      #
        @         # ---------.-            #      ############    #
 -------e----     #          #          #########        ----|----#
 |..........|    ##                        #----+--      |.....`(.#
 |..{.<efF..|                              #......|  ####-.).....|
 |..........|                               |.....| ##   |.......|
 |..........|                               |.....|##    ----.----
 |..........|                               |......#         #
 ------------                               |.....|
                                            -------

Brudee the Novice               St:16 Dx:12 Co:13 In:9 Wi:16 Ch:10  Chaotic S:644
Dlvl:2  $:88 HP:0(33) Pw:25(25) AC:3  Xp:4/114 T:2742 

Latest messages:
 R - a scroll labeled VELOX NEB (unpaid, 36 zorkmids).
 You see here an elven leather helm (for sale, 11 zorkmids).
 You see here a murky potion (for sale, 89 zorkmids).
 You see here a yellow spellbook (for sale, 267 zorkmids).
 You see here a scroll labeled GNIK SISI VLE (for sale, 67 zorkmids).
 You see here a hexagonal wand (for sale, 267 zorkmids).
 You see here a swirly potion (for sale, 267 zorkmids).
 You see here a scroll labeled TEMOV (for sale, 107 zorkmids).
 You see here a swirly potion (for sale, 267 zorkmids).
 You see here a scroll labeled ELBIB YLOH (for sale, 356 zorkmids).
 You see here a purple-red potion (for sale, 200 zorkmids).
 You bought a scroll labeled VELOX NEB for 36 gold pieces.
 "Thank you for shopping in Pakka Pakka's general store!"
 You do not owe Pakka Pakka anything.
 You climb up the stairs.
 You hear someone cursing shoplifters.
 What do you want to zap? [AC or ?*] A
 In what direction? j
 The floating eye is suddenly moving faster.
 What do you want to zap? [AC or ?*] <space>
 Never mind.
 What do you want to zap? [AC or ?*] ?
 You hit the floating eye.
 You are frozen by the floating eye's gaze!
 The sewer rat bites!
 The sewer rat bites!
 The sewer rat bites!
 The sewer rat misses!
 The sewer rat bites!
 The sewer rat bites!
 The sewer rat bites!
 The sewer rat bites!
 The sewer rat bites!
 The sewer rat just misses!
 The sewer rat misses!
 The sewer rat bites!
 The sewer rat bites!
 The sewer rat bites!
 The sewer rat bites!
 The sewer rat bites!
 The sewer rat bites!
 The sewer rat bites!
 The sewer rat misses!
 The sewer rat bites!
 The sewer rat bites!
 The sewer rat bites!
 The sewer rat bites!
 You die...
 Do you want your possessions identified? [ynq] (y) y
 Do you want to see your attributes? [ynq] (y) q

Inventory:
 Coins    ('$')
  $ - 88 gold pieces
 Weapons  (')')
  E - the fireproof +3 Sting (weapon in right hand)
 Armor    ('[')
  k - an uncursed +0 orcish helm (being worn)
  a - an uncursed +2 pair of leather gloves (being worn)
  b - an uncursed +1 robe (being worn)
 Comestibles  ('%')
  f - 6 uncursed apples
  Q - an uncursed food ration
  h - 3 uncursed fortune cookies
  g - 6 uncursed oranges
 Scrolls  ('?')
  J - an uncursed scroll of amnesia
  x - an uncursed scroll of earth
  n - an uncursed scroll of fire
  m - an uncursed scroll of identify
  R - an uncursed scroll of identify
  l - 2 uncursed scrolls of light
  c - an uncursed scroll of magic mapping
  M - an uncursed scroll of scare monster
  p - an uncursed scroll of teleportation
 Potions  ('!')
  P - an uncursed potion of healing
  L - a cursed potion of object detection
  v - an uncursed potion of restore ability
  o - a cursed potion of restore ability
  O - a blessed potion of speed
  d - 4 potions of holy water
 Wands    ('/')
  A - a wand of speed monster (0:7)
  C - a wand of stasis (0:5)
 Tools    ('(')
  H - an uncursed magic whistle

Brudee the Monk's attributes:

Background:
 You were a Novice, a level 4 female human Monk.
 You were chaotic, on a mission for Huan Ti
 who was opposed by Shan Lai Ching (lawful) and Chih Sung-tzu (neutral).
 You were right-handed.
 You were in the Dungeons of Doom, on level 2.
 You entered the dungeon 2742 turns ago.
 It was the midnight hour.
 There was a new moon in effect when your adventure ended.
 You had 114 experience points, 46 more were needed to attain level 5.
 Your score was 644 before end-of-game adjustments.

Basics:
 You had 0 out of 33 hit points.
 You had all 25 energy points (spell power).
 Your armor class was 3.
 Your wallet contained 88 zorkmids.
 Autopickup was on for '$!=+?/"' plus thrown.

Final Characteristics:
 Your strength was 16 (limit:18/100).
 Your dexterity was 12 (limit:18).
 Your constitution was 13 (limit:18).
 Your intelligence was 9 (limit:18).
 Your wisdom was 16 (limit:18).
 Your charisma was 10 (limit:18).

Final Status:
 You weren't hungry.
 You were unencumbered.
 You were wielding a dagger.
 You were unskilled in dagger.

Final Attributes:
 You were piously aligned.
 You were sleep resistant.
 You were poison resistant.
 You saw invisible.
 You were aware of the presence of orcs.
 You were guarded.
 Your spell casting was enhanced by wearing a robe.
 You were fast.
 You are dead.

Miscellaneous:
 You didn't encounter any bones levels.
 Total elapsed playing time was 12 minutes and 6 seconds.

Major events:
 Turn
    1: Brudee the chaotic female human Monk entered the dungeon
  974: attained the rank of Novice (level 3)
 1687: was bestowed with Sting by Huan Ti
 2742: killed by a sewer rat, while frozen by a floating eye's gaze

Spells:
 Name                 Level Category     Fail Retention
 healing                1   healing        0%   81%-90%

Skills:
 Fighting Skills
   martial arts       [Basic]
 Weapon Skills
   dagger             [Unskilled]
   quarterstaff       [Unskilled]
   spear              [Unskilled]
   crossbow           [Unskilled]
   shuriken           [Unskilled]
 Spellcasting Skills
   attack spells      [Unskilled]
   healing spells     [Basic]
   divination spells  [Unskilled]
   enchantment spells [Unskilled]
   clerical spells    [Unskilled]
   escape spells      [Unskilled]
   matter spells      [Unskilled]

Voluntary challenges:
 Character rerolling was not enabled.
 You were illiterate.
 You never genocided any monsters.
 You never polymorphed an object.
 You never changed form.
 You used no wishes.
Achievements:
 You attained the rank of Novice.
 You entered a shop.

 The Dungeons of Doom: levels 1 to 3
    Level 1:
       An altar to Huan Ti, a fountain, a sink.
    Level 2: <- You were here.
       An armor shop, some fountains.
       Final resting place for
          you, killed by a sewer rat, while frozen by a floating eye's gaze.
    Level 3:
       A general store, a fountain.


Vanquished creatures:
  a kobold leader
 an iguana
  2 coyotes
  a gas spore
  a green mold
  a garter snake
  a gnome zombie
  2 geckos
  6 jackals
  3 foxes
  2 kobolds
  a goblin
  3 sewer rats
  2 grid bugs
  a bat
  7 lichens
  4 newts
39 creatures vanquished.

No species were genocided or became extinct.

Game over:
                       ----------
                      /          \
                     /    REST    \
                    /      IN      \
                   /     PEACE      \
                  /                  \
                  |      Brudee      |
                  |      88 Au       |
                  |   killed by a    |
                  |    sewer rat     |
                  |                  |
                  |                  |
                  |       2026       |
                 *|     *  *  *      | *
        _________)/\\_//(\/(/\)/\//\/|_)_______

Goodbye Brudee the Monk...

You died in The Dungeons of Doom on dungeon level 2 with 636 points,
and 88 pieces of gold, after 2742 moves.
You were level 4 with a maximum of 33 hit points when you died.

